 Dungeon Crawl Stone Soup version 0.28.0-45-g0d030f2227 (webtiles) character file.

Game seed: 16273298604668897717

40411 Cykl0x the Geomancer (level 14, 0/86 HPs)
             Began as a Gargoyle Earth Elementalist on Apr 12, 2022.
             Was a High Priest of Vehumet.
             Slain by an efreet
             ... wielding a +0 scimitar of flaming
              (1 damage)
             ... on level 15 of the Dungeon.
             The game lasted 00:50:02 (20510 turns).

Cykl0x the Geomancer (Gargoyle Earth Elementalist) Turns: 20510, Time: 00:50:03

Health: 0/86       AC: 27    Str: 22    XL:     14   Next: 10%
Magic:  4/30       EV:  9    Int: 19    God:    Vehumet [*****.]
Gold:   1163       SH:  0    Dex: 10    Spells: 18/37 levels left

rFire   . . .      SeeInvis +   O - staff of conjuration
rCold   + . .      Faith    .   (no shield)
rNeg    + . .      Spirit   .   J - +4 chain mail {rC+}
rPois   ∞          Reflect  .   (helmet restricted)
rElec   +          Harm     .   (no cloak)
rCorr   .          Rampage  +   w - +0 pair of gloves
Will    +....                   I - +1 pair of boots {rampage}
Stlth   ..........              c - amulet of magic regeneration
HPRegen 0.24/turn               z - +6 ring of strength
MPRegen 0.62/turn               H - ring of see invisible

@: flying
A: sickness immunity, AC +10, big wings, negative energy resistance 1,
electricity resistance, torment resistance 1, petrification resistance, beak,
deterioration 1, mutation resistance 1, strong 1, MP-powered wands
a: Renounce Religion


You were on level 15 of the Dungeon.
You worshipped Vehumet.
Vehumet was extremely pleased with you.
You visited 2 branches of the dungeon, and saw 16 of its levels.
You also visited: Bailey.

You collected 1252 gold pieces.
You spent 89 gold pieces at shops.

Inventory:

Hand Weapons
 d - the +7 dagger of Atutzant {freeze, rElec rC+ Int+5 Dex+3}
   (You found it on level 2 of the Dungeon)

   It freezes those it strikes, dealing additional cold damage.
   It can also slow down cold-blooded creatures.
   Int:       It affects your intelligence (+5).
   Dex:       It affects your dexterity (+3).
   rC:        It protects you from cold.
   rElec:     It insulates you from electricity.
 n - a +7 club
Missiles
 b - 18 stones
 E - 5 throwing nets
Armour
 o - a +2 leather armour of fire resistance
 s - an orb of light
 v - a +2 helmet
 w - a +0 pair of gloves (worn)
 I - a +1 pair of boots of rampaging (worn)
 J - a +4 chain mail of cold resistance (worn)
 K - the +0 scale mail of Hear Feo {rF+ rC++ rN+++ Dex-4}
   (You found it in a bailey)

   Dex:       It affects your dexterity (-4).
   rF:        It protects you from fire.
   rC:        It greatly protects you from cold.
   rN:        It renders you almost immune to negative energy.
 L - a +3 leather armour of poison resistance
Magical Staves
 O - a staff of conjuration (weapon)
Jewellery
 c - an amulet of magic regeneration (around neck)
 x - an amulet of faith
 z - a +6 ring of strength (left hand)
 B - a +6 ring of dexterity
 H - a ring of see invisible (right hand)
Wands
 f - a wand of flame (12)
 j - a wand of mindburst (8)
 p - a wand of iceblast (7)
 F - a wand of polymorph (4)
 R - a wand of acid (8)
 W - a wand of paralysis (4)
Scrolls
 k - 7 scrolls of teleportation
 m - a scroll of enchant armour
 u - a scroll of amnesia
 M - 2 scrolls of blinking
 N - 2 scrolls of magic mapping
 P - 3 scrolls of enchant weapon
Potions
 a - 2 potions of cancellation
 g - 2 potions of brilliance
 h - 6 potions of lignification
 l - a potion of berserk rage
 t - 3 potions of haste
 C - 3 potions of flight {unknown}
 D - 2 potions of might
 Q - a potion of invisibility {unknown}
 S - a potion of ambrosia {unknown}
 U - 2 potions of curing
 V - a potion of magic {unknown}
Miscellaneous
 e - a phantom mirror


   Skills:
 * Level 9.3 Fighting
 + Level 0.8 Short Blades
 + Level 1.6(2.1) Maces & Flails
 + Level 1.9(2.2) Staves
 + Level 4.9 Armour
 + Level 3.9 Dodging
 - Level 2.1 Stealth
 + Level 12.2 Spellcasting
 * Level 11.3 Conjurations
 - Level 0.7 Transmutations
 + Level 0.4 Air Magic
 + Level 14.7 Earth Magic
 + Level 0.7 Poison Magic
 * Level 5.7 Evocations


You had 18 spell levels left.
You knew the following spells:

 Your Spells              Type           Power      Damage    Failure   Level
a - Sandblast             Erth           100%       2d20      1%          1
b - Stone Arrow           Conj/Erth      100%       3d13      1%          3
c - Magic Dart            Conj           100%       1d8       1%          1
d - Mephitic Cloud        Conj/Pois/Air  41%        N/A       7%          3
e - Iron Shot             Conj/Erth      37%        9d7       10%         6
f - Lee's Rapid Deconstr  Erth           30%        3d17*     1%          5

Your spell library contained the following spells:

 Spells                   Type           Power      Damage    Failure   Level
 Sticky Flame             Conj/Fire      49%        2d7       12%         4
 Passwall                 Tmut/Erth      34%        N/A       3%          2
 Dazzling Flash           Conj/Hex       98%        N/A       4%          3
 Iskenderun's Mystic Bla  Conj/Tloc      49%        2d11      12%         4
 Petrify                  Tmut/Erth      41%        N/A       19%         4
 Animate Armour           Summ/Erth      78%        N/A       22%         4
 Beastly Appendage        Tmut           28%        N/A       34%         1
 Wereblood                Tmut           14%        N/A       45%         2
 Call Imp                 Summ           11%        N/A       56%         2
 Spider Form              Tmut/Pois      14%        N/A       71%         3
 Starburst                Conj/Fire      24%        6d8       83%         6
 Blade Hands              Tmut           7%         N/A       100%        5


Dungeon Overview and Level Annotations

Branches:
Dungeon (15/15)            Temple (1/1) D:5            Lair (0/6) D:11
    Orc (0/2) D:11         Vaults (0/5) D:13         Bailey (visited)
 Depths: D:15

Altars:
Ashenzari
Cheibriados
Dithmenos
Elyvilon
Fedhas
Gozag
Hepliaklqana
Kikubaaqudgha
Makhleb
Nemelex Xobeh
Okawaru
Qazlal
Ru
Sif Muna
Trog
Uskayaw
Vehumet
Wu Jian
Xom
Yredelemnul
Zin
The Shining One

Shops:
D:8 *


Innate Abilities, Weirdness & Mutations

You are immune to sickness and miasma.
Your stone body is resilient. (AC +10)
You are immune to poison.
Your large and strong wings let you fly.
You resist negative energy. (rN+)
You are resistant to electric shocks. (rElec)
You are resistant to unholy torment.
You are immune to petrification.
You have a beak for a mouth.
Your body sometimes deteriorates upon taking damage.
You are somewhat resistant to further mutation.
Your muscles are strong. (Str +2)
You expend magic power (3 MP) to strengthen your wands.


Message History

You feel a surge of power!
The stone arrow misses the efreet.
The efreet hits you with a +0 scimitar of flaming!
The efreet burns you.
Casting: Stone Arrow (safe; 1% risk of failure)
Confirm with . or Enter, or press ? or * to list all spells.
Aiming: Stone Arrow (safe; 1% risk of failure)
Press: ? - help, Shift-Dir - straight line, f/p - efreet
Aim: an efreet, wielding a +0 scimitar of flaming and wearing an orb of energy (heavily wounded, 92% to hit)
You feel a surge of power!
The stone arrow hits the efreet!
The efreet is almost dead.
The efreet hits you with a +0 scimitar of flaming!
The efreet burns you.
Casting: Stone Arrow (safe; 1% risk of failure)
Confirm with . or Enter, or press ? or * to list all spells.
Aiming: Stone Arrow (safe; 1% risk of failure)
Press: ? - help, Shift-Dir - straight line, f/p - efreet
Aim: an efreet, wielding a +0 scimitar of flaming and wearing an orb of energy (almost dead, 92% to hit)
You feel a surge of power!
The efreet blocks the stone arrow.
The efreet gestures at you.
The fireball explodes!
The fireball engulfs you.
The fireball engulfs the efreet.
The efreet completely resists.
Unknown command.
Unknown command.
You hit the efreet but do no damage. The efreet blocks your attack.
The efreet is almost dead.
The efreet gestures at you. The bolt of fire hits you!
* * * LOW HITPOINT WARNING * * *
You hit the efreet but do no damage.
The efreet is almost dead.
The efreet gestures at you.
The fireball explodes!
The fireball engulfs you!
* * * LOW HITPOINT WARNING * * *
The fireball engulfs the efreet.
The efreet completely resists.
You hit the efreet but do no damage.
You blast the efreet.
The efreet is almost dead.
The efreet hits you with a +0 scimitar of flaming.
* * * LOW HITPOINT WARNING * * *
The efreet burns you.
You die...

#.# #.# #.# #.#
#.# #.# #.# #.#
#.########.#####
#^.............#
#########.####.#
#<# #@# #.
#.R...... #.#
######.#.# #.#
#J# #.# #.# #.#
### #J# #.# #..
#.# .###.######
#.# #.#
#....u..u.#
#.###.##


You could see an efreet.

Vanquished Creatures
  Harold (D:11)
  4 hydras
  3 boulder beetles (D:14)
  A catoblepas (D:14)
  3 centaur warriors
  An ogre mage (D:11)
  5 two-headed ogres
  The ghost of Netaeli the Spriggan Catastrophe, a journeyman SpVM of Qazlal (D:12)
  A tengu warrior (D:14)
  2 orc knights
  A necromancer (D:13)
  5 deep elf pyromancers
  A deep elf zephyrmancer (Bailey)
  A manticore (D:13)
  An orc sorcerer (D:15)
  5 cyclopes
  7 ugly things
  2 unseen horrors
  A komodo dragon (D:11)
  4 rime drakes (D:9)
  Maggie (D:7)
  3 freezing wraiths
  3 efreet
  A kobold demonologist (D:14)
  3 trolls
  A troll (shapeshifter) (D:15)
  3 meliai (D:15)
  18 slime creatures
  A hornet (D:9)
  A meliai zombie (D:11)
  4 shadows
  A vampire (D:11)
  2 wraiths
  A wyvern (D:8)
  11 yaks
  2 steam dragons
  2 humans (D:10)
  A basilisk (D:11)
  5 vampire mosquitoes
  Edmund (D:4)
  2 wargs (D:15)
  2 swamp worms (D:7)
  A water moccasin (D:6)
  An acid dragon (D:10)
  An ice beast (D:4)
  3 necrophages
  10 orc warriors
  A black bear (D:4)
  2 sky beasts
  5 ogres
  A centaur (D:10)
  4 kobold brigands
  3 bullfrogs
  4 scorpions
  A gnoll sergeant (D:12)
  A wyvern zombie (D:8)
  2 water moccasin zombies
  8 wights (D:9)
  8 killer bees
  5 electric eels (D:6)
  7 howler monkeys
  4 centaur zombies
  3 jellies
  2 bullfrog zombies (D:6)
  8 orc priests
  A gnoll shaman (D:9)
  2 hounds (D:6)
  Jessica (D:3)
  Ijyb (D:3)
  5 iguanas
  7 orc wizards
  A scorpion zombie (D:5)
  A killer bee zombie (D:5)
  A howler monkey zombie (D:10)
  Robin (D:3)
  8 gnolls
  2 adders (D:5)
  A shadow imp (D:6)
  2 white imps (D:5)
  An ufetubus (D:6)
  An adder skeleton (D:4)
  2 worms
  2 dart slugs (D:1)
  46 orcs
  5 endoplasms
  6 giant cockroaches
  13 goblins
  7 hobgoblins
  5 quokkas
  6 ball pythons
  7 bats
  5 frilled lizards
  23 kobolds
  5 rats
372 creatures vanquished.

Vanquished Creatures (collateral kills)
  A komodo dragon (D:10)
  2 orcs (D:10)
3 creatures vanquished.

Vanquished Creatures (others)
  4 fungi (D:11)
  78 plants
82 creatures vanquished.

Grand Total: 457 creatures vanquished

Notes
Turn   | Place    | Note
-------+----------+-------------------------------------------
     0 | D:1      | Cykl0x the Gargoyle Earth Elementalist began the quest for
                  | the Orb.
     0 | D:1      | Reached XP level 1. HP: 10/10 MP: 3/3
   187 | D:1      | Reached XP level 2. HP: 15/15 MP: 3/5
   214 | D:1      | Reached skill level 4 in Earth Magic
   511 | D:1      | Reached skill level 1 in Conjurations
   701 | D:1      | Reached XP level 3. HP: 19/19 MP: 1/6
   705 | D:1      | Learned a level 3 spell: Stone Arrow
  1487 | D:2      | Found a faded altar of an unknown god.
  2312 | D:2      | Identified the +7 dagger of Atutzant {freeze, rElec rC+
                  | Int+5 Dex+3}
  2662 | D:3      | Reached XP level 4. HP: 24/24 MP: 5/8
  2668 | D:3      | Noticed Robin
  2670 | D:3      | Killed Robin
  2749 | D:3      | Noticed Jessica
  2754 | D:3      | Killed Jessica
  3020 | D:3      | Noticed Ijyb
  3038 | D:3      | Killed Ijyb
  3039 | D:3      | Reached XP level 5. HP: 4/28 MP: 2/10
  3556 | D:3      | Found a shimmering altar of Xom.
  3647 | D:3      | Reached skill level 5 in Earth Magic
  4035 | D:4      | Noticed an ice beast
  4221 | D:4      | Killed an ice beast
  4222 | D:4      | Reached XP level 6. HP: 32/32 MP: 2/11
  4656 | D:4      | Noticed a black bear
  4661 | D:4      | Killed a black bear
  4746 | D:4      | Reached skill level 6 in Earth Magic
  4789 | D:4      | Noticed Edmund
  4805 | D:4      | Killed Edmund
  4806 | D:4      | Reached skill level 1 in Armour
  4806 | D:4      | Reached XP level 7. HP: 14/36 MP: 1/13
  5270 | D:5      | Entered Level 5 of the Dungeon
  5424 | D:5      | Reached skill level 7 in Earth Magic
  5477 | D:5      | Found a staircase to the Ecumenical Temple.
  5492 | D:5      | Reached skill level 5 in Spellcasting
  5500 | Temple   | Entered the Ecumenical Temple
  5668 | Temple   | Became a worshipper of Vehumet
  5742 | D:5      | Reached XP level 8. HP: 41/41 MP: 11/15
  7521 | D:6      | Reached skill level 8 in Earth Magic
  7765 | D:6      | Reached skill level 5 in Conjurations
  7768 | D:6      | Reached XP level 9. HP: 44/46 MP: 9/18
  7860 | D:6      | Reached * piety under Vehumet
  7860 | D:6      | Offered knowledge of Freeze by Vehumet.
  8006 | D:6      | Found a shadowy altar of Dithmenos.
  8055 | D:6      | Reached skill level 9 in Earth Magic
  8659 | D:7      | Noticed Maggie
  8665 | D:7      | Killed Maggie
  8930 | D:7      | Noticed a two-headed ogre
  8939 | D:7      | Killed a two-headed ogre
  8940 | D:7      | Reached skill level 10 in Earth Magic
  9245 | D:7      | Reached XP level 10. HP: 51/51 MP: 15/21
  9282 | D:7      | Found a sparkling altar of Nemelex Xobeh.
 10080 | D:7      | Learned a level 1 spell: Magic Dart
 10084 | D:7      | Learned a level 3 spell: Mephitic Cloud
 10317 | D:7      | Found an iron altar of Okawaru.
 10629 | D:8      | Reached skill level 1 in Fighting
 10887 | D:8      | Offered knowledge of Static Discharge by Vehumet.
 10941 | D:8      | Found Oggez's Assorted Antiques.
 10948 | D:8      | Reached ** piety under Vehumet
 11035 | D:8      | Bought a scroll of identify for 46 gold pieces
 11035 | D:8      | Bought a lumpy coppery potion for 20 gold pieces
 11035 | D:8      | Bought a scroll labelled VETUAST AHABB for 23 gold pieces
 11067 | D:8      | Reached skill level 11 in Earth Magic
 11091 | D:8      | Reached skill level 1 in Maces & Flails
 11736 | D:9      | Found the +4 skin of Zhor {*Englaciate rC+++ SInv}
 11892 | D:9      | Reached XP level 11. HP: 24/61 MP: 12/24
 12307 | D:9      | Identified the +2 war axe of Grandeur {vorpal, MP+9 Stlth+}
 12310 | D:9      | Offered knowledge of Conjure Flame by Vehumet.
 12565 | D:9      | Reached *** piety under Vehumet
 12686 | D:9      | Reached skill level 12 in Earth Magic
 12687 | D:9      | Reached skill level 5 in Fighting
 13105 | D:9      | Offered knowledge of Inner Flame by Vehumet.
 13253 | D:9      | Gained mutation: Your body sometimes deteriorates upon
                  | taking damage. [potion of mutation]
 13253 | D:9      | Gained mutation: You are occasionally teleported next to
                  | monsters. [potion of mutation]
 13253 | D:9      | Gained mutation: You have a pair of small horns on your
                  | head. [potion of mutation]
 13253 | D:9      | Gained mutation: Your natural rate of healing is unusually
                  | fast. [potion of mutation]
 13254 | D:9      | Lost mutation: You are occasionally teleported next to
                  | monsters. [potion of mutation]
 13254 | D:9      | Lost mutation: You have a pair of small horns on your head.
                  | [potion of mutation]
 13254 | D:9      | Gained mutation: Your spells are a little easier to cast,
                  | but a little less powerful. [potion of mutation]
 13254 | D:9      | Gained mutation: You possess an exceptional clarity of
                  | mind. [potion of mutation]
 13254 | D:9      | Gained mutation: You have a beak for a mouth. [potion of
                  | mutation]
 13280 | D:10     | Entered Level 10 of the Dungeon
 13283 | D:10     | Noticed a cyclops
 13292 | D:10     | Killed a cyclops
 13358 | D:10     | Found an iron altar of Okawaru.
 13427 | D:10     | Found a flagged portal.
 13434 | Bailey   | Entered a bailey
 13497 | Bailey   | Found a large runed translucent door.
 13497 | Bailey   | Found a large runed translucent door.
 13498 | Bailey   | Noticed a deep elf zephyrmancer
 13498 | Bailey   | Noticed an orc knight
 13512 | Bailey   | Killed an orc knight
 13805 | Bailey   | Killed a deep elf zephyrmancer
 13818 | Bailey   | Identified the +0 scale mail of Hear Feo {rF+ rC++ rN+++
                  | Dex-4}
 13907 | D:10     | Reached **** piety under Vehumet
 13924 | D:10     | Learned a level 6 spell: Iron Shot
 13989 | D:10     | Offered knowledge of Lee's Rapid Deconstruction by Vehumet.
 13990 | D:10     | Reached skill level 10 in Spellcasting
 13996 | D:10     | Learned a level 5 spell: Lee's Rapid Deconstruction
 15122 | D:11     | Noticed a cyclops
 15123 | D:11     | Noticed an ogre mage
 15130 | D:11     | Killed a cyclops
 15131 | D:11     | Killed an ogre mage
 15132 | D:11     | Reached skill level 1 in Evocations
 15139 | D:11     | Noticed a deep elf pyromancer
 15146 | D:11     | Reached XP level 12. HP: 33/70 MP: 6/26
 15590 | D:11     | Reached skill level 13 in Earth Magic
 15638 | D:11     | Noticed Harold
 15663 | D:11     | Killed Harold
 15743 | D:11     | Found a staircase to the Lair.
 15965 | D:11     | Found a staircase to the Orcish Mines.
 16176 | D:12     | Noticed a two-headed ogre
 16184 | D:12     | Killed a two-headed ogre
 16550 | D:12     | Found a runed translucent gate.
 16551 | D:12     | Found a runed translucent gate.
 16551 | D:12     | Noticed a 12-headed hydra
 16552 | D:12     | Found a runed translucent gate.
 16552 | D:12     | Noticed a 12-headed hydra
 16552 | D:12     | Noticed Netaeli's ghost (journeyman SpVM)
 16630 | D:12     | Noticed a two-headed ogre
 16635 | D:12     | Killed a two-headed ogre
 16949 | D:12     | Noticed a five-headed hydra
 16961 | D:12     | Killed a five-headed hydra
 17090 | D:12     | Killed a 12-headed hydra
 17091 | D:12     | Killed Netaeli's ghost
 17092 | D:12     | Killed a 12-headed hydra
 17134 | D:12     | Identified the +6 hand crossbow of Resourcefulness {flame,
                  | Fly rPois Will++ SInv}
 17170 | D:13     | Reached XP level 13. HP: 78/78 MP: 25/28
 17283 | D:13     | Reached skill level 10 in Conjurations
 17453 | D:13     | Reached ***** piety under Vehumet
 17453 | D:13     | Offered knowledge of Sticky Flame by Vehumet.
 17592 | D:13     | Found a gate to the Vaults.
 17629 | D:13     | Reached skill level 14 in Earth Magic
 18714 | D:14     | Reached skill level 1 in Staves
 18942 | D:14     | Reached skill level 5 in Evocations
 19836 | D:15     | Entered Level 15 of the Dungeon
 19985 | D:15     | Gained mutation: Your large and strong wings let you fly.
                  | [Gargoyle growth]
 19985 | D:15     | Reached XP level 14. HP: 86/86 MP: 9/30
 20022 | D:15     | Lost mutation: Your natural rate of healing is unusually
                  | fast. [potion of mutation]
 20022 | D:15     | Lost mutation: Your spells are a little easier to cast, but
                  | a little less powerful. [potion of mutation]
 20022 | D:15     | Lost mutation: You possess an exceptional clarity of mind.
                  | [potion of mutation]
 20022 | D:15     | Gained mutation: You have large cloven feet. [potion of
                  | mutation]
 20022 | D:15     | Gained mutation: Your muscles are strong. (Str +2) [potion
                  | of mutation]
 20022 | D:15     | Gained mutation: Your spells are a little easier to cast,
                  | but a little less powerful. [potion of mutation]
 20022 | D:15     | Gained mutation: You expend magic power (3 MP) to
                  | strengthen your wands. [potion of mutation]
 20023 | D:15     | Lost mutation: Your spells are a little easier to cast, but
                  | a little less powerful. [potion of mutation]
 20023 | D:15     | Lost mutation: You have large cloven feet. [potion of
                  | mutation]
 20023 | D:15     | Gained mutation: You are somewhat resistant to further
                  | mutation. [potion of mutation]
 20509 | D:15     | HP: 4/86 [efreet/fireball (12)]
 20510 | D:15     | HP: 1/86 [efreet/+0 scimitar of flaming (3)]
 20510 | D:15     | Slain by an efreet

Illustrated notes

Levels and vault maps discovered:
D:1:      evilmike_arrival_crescent, layout_basic
D:2:      layout_loops_corners, shapermc_ecumenical_altar_ellora,
          guppyfry_early_orc_mine
D:3:      layout_loops_ring, xom_butterflies, uniq_ijyb, uniq_jessica,
          uniq_robin
D:4:      layout_cave_pools, nicolae_figureground_sparkle, uniq_edmund
D:5:      layout_layer_cave, minmay_temple_entry_water_ring
D:6:      layout_loops_ring, lemuel_crystal_altar, serial_bayou,
          serial_bayou_lagoon_a, serial_bayou_lake_a, serial_bayou_lagoon_b,
          serial_bayou_pond_b
D:7:      layout_layer_cave, general_overflow_altar, kennysheep_diamond,
          amcnicky_mini_corridor_feature, worms_lemuel, uniq_maggie
D:8:      wad_pebble_path, layout_basic, serial_shops, shop
D:9:      layout_roguey, hellmonk_guarded_unrand_zhor
D:10:     layout_layer_cave, mainiacjoe_overflow_alcove_1, enter_bailey_1,
          hangedman_abyss_or_decor_clamps, grunt_ministairs_6, minmay_ruffians
D:11:     cheibrodos_elevator_heist, layout_loops_ring,
          grunt_lair_entry_orc_guard_hut, orc_0_dummy, hangedman_glass_teeth,
          uniq_harold
D:12:     layout_irregular_city, gammafunk_ghost_hydra_chop
D:13:     layout_gridville, david_vaults_1, solitary_fountain,
          eino_small_chamber_without_monster, hangedman_abyss_or_decor_passed
D:14:     layout_layer_cave, minmay_misc_feat_plants
D:15:     grunt_enter_depths_snipers, layout_loops_ring
Temple:   regret_index_temple_mists

Skill      XL: |  1  2  3  4  5  6  7  8  9 10 11 12 13 |
---------------+----------------------------------------+-----
Earth Magic    | 4 5 6 7 8 10 11 12 13 14 | 14.7
Conjurations   | 1 2 3 5 6 7 8 9 11 | 11.3
Spellcasting   | 3 4 5 6 7 9 10 11 12 | 12.2
Armour         | 1 2 3 4 |  4.9
Dodging        | 2 3 |  3.9
Fighting       | 4 6 7 9 |  9.3
Maces & Flails | 1 |  1.6
Evocations     | 1 3 5 |  5.7
Staves         | 1 |  1.9
Short Blades   | |  0.8
Stealth        | |  2.1
Transmutations | |  0.7
Air Magic      | |  0.4
Poison Magic   | |  0.7

Action                   |  1- 3 |  4- 6 |  7- 9 | 10-12 | 13-15 || total
-------------------------+-------+-------+-------+-------+-------++-------
Melee: Club              |     9 |       |     1 |    29 |       ||    39
       Dagger            |       |    22 |       |       |       ||    22
       Peck              |       |       |       |     7 |    26 ||    33
       Staff             |       |       |       |    28 |   116 ||   144
       Punch             |       |       |       |     3 |     1 ||     4
 Cast: Sandblast         |    38 |    31 |    79 |   205 |    61 ||   414
       Stone Arrow       |    15 |    28 |    48 |   127 |   118 ||   336
       Mephitic Cloud    |       |       |       |    16 |     6 ||    22
       Magic Dart        |       |       |       |    63 |    10 ||    73
       Lee's Rapid Decon |       |       |       |    22 |    21 ||    43
       Iron Shot         |       |       |       |     5 |     9 ||    14
Evoke: Wand              |       |       |     1 |     4 |       ||     5
  Use: Scroll            |     3 |     1 |     4 |    12 |     3 ||    23
       Potion            |       |     1 |       |     4 |     3 ||     8
 Stab: Distracted        |       |     1 |       |       |       ||     1
Armor: Robe              |     5 |     6 |     6 |       |       ||    17
       Skin              |       |     3 |       |       |       ||     3
       Leather armour    |       |       |    13 |       |       ||    13
       Steam dragon scal |       |       |     2 |    16 |       ||    18
       Chain mail        |       |       |       |   138 |   127 ||   265
       Animal skin       |       |       |       |    20 |       ||    20
Dodge: Dodged            |    12 |     9 |    13 |   136 |    75 ||   245
